 Dungeon Crawl Stone Soup version 0.20.1-1-g8b1a95d (webtiles) character file.

1822 Larett the Fighter (level 8, -7/79 (80) HPs)
             Began as a Minotaur Berserker on Aug 30, 2017.
             Was a Priest of Trog.
             Mangled by a two-headed ogre
             ... wielding a +0 giant club
              (13 damage)
             ... on level 6 of the Dungeon.
             The game lasted 00:12:40 (4986 turns).

Larett the Fighter (Minotaur Berserker)             Turns: 4986, Time: 00:12:40

HP:   -7/79 (80)    AC:  7    Str: 23    XL:     8   Next: 85%
MP:   7/7           EV: 12    Int:  4    God:    Trog [***...]
Gold: 236           SH:  0    Dex: 11    Spells: 7/7 levels left

rFire    + . .     SeeInvis .   a - +0 hand axe
rCold    x . .     Gourm    .   (no shield)
rNeg     + + .     Faith    .   T - +0 leather armour "Udupown" {*Drain rPois rN++ rCorr}
rPois    +         Spirit   .   (helmet restricted)
rElec    .         Reflect  .   (no cloak)
rCorr    +         Harm     .   V - +0 pair of gloves
MR       +....                  Y - +2 pair of boots
Stlth    +.........             (no amulet)
Regen    0.3/turn               E - ring of fire
MPRegen  0.1/turn               m - ring of protection from magic

@: no status effects
A: retaliatory headbutt, horns 2
a: Berserk, Trog's Hand, Burn Spellbooks, Renounce Religion


You were on level 6 of the Dungeon.
You worshipped Trog.
Trog was most pleased with you.
You were not hungry.

You visited 1 branch of the dungeon, and saw 6 of its levels.

You collected 236 gold pieces.

Inventory:

Hand Weapons
 a - a +0 hand axe (weapon)
 b - a +0 shortbow
 x - a +0 hunting sling
 X - a +2 mace of protection
Missiles
 d - 10 poisoned needles
 r - 4 curare-tipped needles
 A - 80 stones (quivered)
 B - 5 needles of confusion
 F - 59 arrows
 S - 47 sling bullets
 Z - 35 bolts
Armour
 s - a +0 buckler
 y - a +1 leather armour of fire resistance
 T - the +0 leather armour "Udupown" (worn) {*Drain rPois rN++ rCorr}
   (You found it on level 4 of the Dungeon)

   It protects you from poison.
   It greatly protects you from negative energy.
   It protects you from acid and corrosion.
   It causes draining when unequipped.
 V - a +0 pair of gloves (worn)
 Y - a +2 pair of boots (worn)
Jewellery
 e - an uncursed ring of ice
 m - a ring of protection from magic (right hand)
 E - a ring of fire (left hand)
Scrolls
 t - a scroll of blinking {unknown}
 v - 2 scrolls of remove curse {unknown}
 D - 3 scrolls of enchant weapon
 H - 2 scrolls of fear
 I - a scroll of amnesia {unknown}
 J - a scroll of teleportation {unknown}
 K - 3 scrolls of fog
 M - 3 scrolls of magic mapping
 P - a scroll of recharging {unknown}
 R - a scroll of random uselessness {unknown}
Potions
 f - a potion of mutation {unknown}
 g - a potion of magic {unknown}
 u - a potion of resistance {unknown}
 C - a potion of heal wounds {unknown}
 G - 2 potions of haste
 N - a potion of lignification {unknown}
 O - a potion of flight {unknown}
 Q - a potion of degeneration {unknown}
 U - 2 potions of ambrosia
 W - a potion of curing {unknown}
Comestibles
 c - 2 bread rations
 w - a chunk of flesh {@w1}
 z - 4 meat rations
 L - 2 royal jellies


   Skills:
 + Level 10.4 Fighting
 + Level 10.2 Axes
 - Level 2.4 Armour
 - Level 2.1 Dodging


You had 7 spell levels left.
You didn't know any spells.

Dungeon Overview and Level Annotations

Branches:
Dungeon (6/15)
 Temple: D:4-7

Altars:
Cheibriados
Elyvilon
Nemelex Xobeh
Qazlal
Trog
Yredelemnul


Innate Abilities, Weirdness & Mutations

You reflexively headbutt those who attack you in melee.
You have a pair of horns on your head.


Message History

The two-headed ogre barely misses you.
You slash the two-headed ogre!
The two-headed ogre is heavily wounded.
The two-headed ogre barely misses you.
The two-headed ogre hits you with a giant club!
You hit the two-headed ogre.
Your headbutt misses the two-headed ogre.
The two-headed ogre is heavily wounded.
You hit the two-headed ogre but do no damage.
The two-headed ogre is heavily wounded.
The two-headed ogre hits you with a giant club!!
The two-headed ogre hits you with a giant club!
You hit the two-headed ogre.
The two-headed ogre is heavily wounded.
You hit the two-headed ogre.
The two-headed ogre is heavily wounded.
The two-headed ogre hits you with a giant club!!
* * * LOW HITPOINT WARNING * * *
The two-headed ogre hits you with a giant club!
You die...

######..#.# ##.#.#
...(... #.#.#
..(... #...# .....
##..# #...# #..#
#.(.#
##..#####...######
#.........O.......
#.#.>.....@.#
#.#######.#......#
#.# #.#!####.#
#.#######.#.#
#.........#..
#############


You could see a two-headed ogre.

Vanquished Creatures
  The ghost of howech the Conjurer, a novice DrFE of Sif Muna (D:5)
  Sigmund (D:6)
  Menkaure (D:4)
  2 black bears (D:6)
  A necrophage (D:6)
  A centaur (D:6)
  2 ogres (D:4)
  A bullfrog (D:6)
  A scorpion (D:6)
  A wyvern skeleton (D:6)
  3 crimson imps
  2 hounds (D:4)
  A centaur skeleton (D:6)
  2 orc priests
  2 bullfrog skeletons (D:4)
  A centaur zombie (D:5)
  2 orc wizards (D:6)
  A worker ant (D:4)
  A howler monkey skeleton (D:6)
  5 adders
  2 shadow imps
  2 oozes (D:4)
  An adder skeleton (D:6)
  3 worms
  3 dart slugs
  4 leopard geckos
  6 orcs
  4 ball pythons
  3 giant cockroaches
  6 goblins
  5 hobgoblins
  10 jackals
  2 quokkas
  9 bats
  4 frilled lizards
  A jackal skeleton (D:5)
  6 kobolds (D:1)
  8 rats
111 creatures vanquished.

Notes
Turn   | Place    | Note
-------+----------+-------------------------------------------
     0 | D:1      | Larett the Minotaur Berserker began the quest for the Orb.
     0 | D:1      | Reached XP level 1. HP: 19/19 MP: 0/0
    61 | D:1      | Reached XP level 2. HP: 23/27 MP: 1/1
   191 | D:1      | Reached ** piety under Trog
   254 | D:1      | Reached XP level 3. HP: 28/34 MP: 2/2
   638 | D:2      | Found a faded altar of an unknown god.
  1364 | D:3      | Found a stormy altar of Qazlal.
  1383 | D:3      | Found a white marble altar of Elyvilon.
  1399 | D:3      | Reached XP level 4. HP: 40/41 MP: 3/3
  1424 | D:3      | Found a sparkling altar of Nemelex Xobeh.
  1424 | D:3      | Found a snail-covered altar of Cheibriados.
  2244 | D:4      | Reached XP level 5. HP: 50/50 MP: 4/4
  2341 | D:4      | Reached *** piety under Trog
  2562 | D:4      | Got a crude leather armour
  2573 | D:4      | Identified the +0 leather armour "Udupown" {*Drain rPois rN++ rCorr} (You found it on level 4 of the Dungeon)
  2610 | D:4      | Noticed an ogre
  2619 | D:4      | Killed an ogre
  2619 | D:4      | Reached skill level 6 in Fighting
  2619 | D:4      | Reached skill level 6 in Axes
  2623 | D:4      | Reached XP level 6. HP: 21/58 MP: 5/5
  2846 | D:4      | Noticed Menkaure
  2854 | D:4      | Killed Menkaure
  3193 | D:4      | Reached XP level 7. HP: 63/66 MP: 6/6
  3377 | D:5      | Entered Level 5 of the Dungeon
  3386 | D:5      | Found a basalt altar of Yredelemnul.
  3488 | D:5      | Noticed howech's ghost (novice DrFE)
  3502 | D:5      | Killed howech's ghost
  4267 | D:6      | Reached XP level 8. HP: 45/75 MP: 7/7
  4563 | D:6      | Reached skill level 9 in Fighting
  4573 | D:6      | Found a bloodstained altar of Trog.
  4585 | D:6      | Reached skill level 9 in Axes
  4674 | D:6      | Noticed Sigmund
  4678 | D:6      | Killed Sigmund
  4973 | D:6      | Noticed a two-headed ogre
  4986 | D:6      | Mangled by a two-headed ogre

Skill      XL: |  1  2  3  4  5  6  7  8 |
---------------+-------------------------+-----
Fighting       | 4 5 6 7 8 10 | 10.4
Axes           | 4 5 6 7 8 10 | 10.2
Armour         | |  2.4
Dodging        | |  2.1

Action                   |  1- 3 |  4- 6 |  7- 9 || total
-------------------------+-------+-------+-------++-------
Melee: Hand axe          |    86 |    64 |    97 ||   247
       Headbutt          |     8 |    22 |    24 ||    54
       Mace              |       |    38 |     4 ||    42
 Fire: Shortbow          |       |       |     8 ||     8
Invok: Trog's Hand       |       |     1 |     3 ||     4
       Berserk           |       |     1 |     2 ||     3
  Use: Scroll            |       |     5 |     1 ||     6
 Stab: Sleeping          |     1 |       |       ||     1
  Eat: Chunk             |     1 |     7 |     5 ||    13
       Bread ration      |       |       |     1 ||     1
Armor: Animal skin       |    10 |       |       ||    10
       Chain mail        |    23 |       |       ||    23
       Scale mail        |     2 |    10 |       ||    12
       Plate armour      |       |    26 |       ||    26
       Leather armour    |       |    17 |    35 ||    52
Dodge: Dodged            |    48 |    47 |    57 ||   152
